 Dungeon Crawl Stone Soup version 0.17-a0-1939-ga475588 (webtiles) character file.

146300 kroki the Severer (level 16, -18/147 HPs)
             Began as a Centaur Berserker on Sept 29, 2015.
             Was the Champion of Trog.
             Demolished by an alligator (26 damage)
             ... led by an alligator
             ... called by a spriggan druid
             ... on level 4 of the Swamp.
             The game lasted 00:56:19 (36724 turns).

kroki the Severer (Centaur Berserker)              Turns: 36724, Time: 00:56:19

Health: -18/147    AC: 24    Str: 25    XL:     16   Next: 89%
Magic:  0/39       EV:  5    Int: 14    God:    Trog [******]
Gold:   1529       SH:  0    Dex: 14    Spells: 0 memorised, 15 levels left

rFire  + . .     SeeInvis .     A - +6 battleaxe (vamp) {!w}
rCold  . . .     Clarity  .     l - +3 chain mail {rF+}
rNeg   . . .     SustAt   .     (no shield)
rPois  +         Gourm    .     U - +1 helmet
rElec  +         Spirit   +     y - +2 cloak {MR+}
rCorr  .         Warding  .     w - +4 pair of gloves of Dawn {rElec Str+3 Int+4}
rMut   .         Stasis   .     (no barding)
MR     +++..                    T - amulet of guardian spirit {Spirit}
Stlth  ..........               F - ring of magical power {MP+9}
                                j - ring of magical power {MP+9}

@: grasped by roots, extremely resistant to hostile enchantments, extremely
unstealthy
A: claws 1, hooves 3, clever 2, deformed body, speed 2, magic resistance 1,
poison resistance, screaming 1, tough skin 3, MP-powered wands
a: Burn Spellbooks, Berserk, Trog's Hand, Brothers in Arms, Renounce Religion


You were on level 4 of the Swamp.
You worshipped Trog.
Trog was exalted by your worship.
You were hungry.

You visited 4 branches of the dungeon, and saw 31 of its levels.
You also visited: Labyrinth, Trove, Sewer and Bailey.

You collected 3559 gold pieces.
You spent 2030 gold pieces at shops.

Inventory:

Hand weapons
 r - a +6 antimagic battleaxe
   (Trog gifted it to you on level 4 of the Swamp)
 x - a +4 executioner's axe of freezing
   (Trog gifted it to you on level 7 of the Lair of Beasts)
 A - a +6 vampiric battleaxe (weapon) {!w}
   (Trog gifted it to you on level 8 of the Lair of Beasts)
 P - the +10 executioner's axe of Beyond {chop, MP+9}
   (You acquired it in a bailey)

   It inflicts extra damage upon your enemies.
   It affects your magic capacity (+9).
Missiles
 o - a throwing net {=f, !d =Q}
 I - a throwing net {=f, !d}
Armour
 l - a +3 chain mail of fire resistance (worn)
   (You took it off an orc warlord in a bailey)
 w - the +4 pair of gloves of Dawn (worn) {rElec Str+3 Int+4}
   (You found it in a labyrinth)

   It affects your strength (+3).
   It affects your intelligence (+4).
   It insulates you from electricity.
 y - a +2 cloak of magic resistance (worn)
   (You found it in a labyrinth)
 U - a +1 helmet (worn)
   (You found it on level 10 of the Dungeon)
Jewellery
 j - a ring of magical power (left hand) {MP+9}
   (You found it on level 5 of the Lair of Beasts)
 q - an uncursed amulet of resist corrosion {rCorr, !d}
   (You found it on level 9 of the Dungeon)
 t - the ring "Haoniyck" {Ice MP+9 Str+4}
   (You found it on level 2 of the Swamp)

   [ring of ice]

   It enhances your ice magic, and weakens your fire magic.
   It affects your strength (+4).
   It makes you vulnerable to fire.
   It protects you from cold.
   It affects your magic capacity (+9).
 v - an uncursed ring of invisibility {+Inv, !d}
   (You found it in a treasure trove)
 B - the ring of Wextoara {rC+ SInv}
   (You found it in a treasure trove)

   [ring of see invisible]

   It protects you from cold.
   It lets you see invisible.
 E - an uncursed amulet of resist mutation {rMut, !d}
   (You took it off an orc on level 13 of the Dungeon)
 F - a ring of magical power (right hand) {MP+9}
   (You found it in a labyrinth)
 S - an uncursed ring of flight {+Fly, !d}
   (You found it on level 9 of the Dungeon)
 T - an amulet of guardian spirit (around neck) {Spirit}
   (You found it on level 11 of the Dungeon)
 W - the amulet "Paocsam" {Ward rN+ MR+}
   (You found it in a treasure trove)

   [amulet of warding]

   It may prevent the melee attacks of summoned creatures.
   It protects you from negative energy.
   It affects your resistance to hostile enchantments.
Magical devices
 a - a wand of heal wounds (5)
   (You found it on level 3 of the Lair of Beasts)
 s - a wand of confusion (17)
   (You found it on level 6 of the Dungeon)
 G - a wand of disintegration (10)
   (You bought it in a shop on level 4 of the Orcish Mines)
 X - a wand of random effects (18)
   (You found it on level 1 of the Swamp)
 Z - a wand of fire (8)
   (You found it on level 3 of the Swamp)
Scrolls
 e - a scroll of magic mapping {!r}
 f - 8 scrolls of remove curse
 p - 10 scrolls of teleportation
 u - 2 scrolls of fog
 C - a scroll of vulnerability {!r!r}
 H - 5 scrolls of identify
 K - 6 scrolls of enchant armour
 R - 7 scrolls of fear
 Y - 3 scrolls of blinking {!r}
Potions
 b - a potion of invisibility
 d - 6 potions of might
 g - 21 potions of curing
 k - 5 potions of cancellation
 m - 10 potions of flight
 n - 8 potions of brilliance
 z - 6 potions of agility
 J - 6 potions of heal wounds
 L - 2 potions of resistance
 O - 4 potions of cure mutation {!q}
 V - 2 potions of haste
Miscellaneous
 D - a fan of gales
   (You bought it in a shop on level 12 of the Dungeon)
 N - a phantom mirror
 Q - a stone of tremors
   (You found it on level 6 of the Lair of Beasts)
Comestibles
 c - 14 bread rations {@e1}
 h - 17 meat rations {@e2}
 i - 20 fruits
 M - 9 slices of pizza


   Skills:
 * Level 14.3 Fighting
 - Level 20.0 Axes
 * Level 9.6 Armour
 + Level 2.5 Dodging
 + Level 7.9 Evocations


You had 15 spell levels left.
You didn't know any spells.

Dungeon Overview and Level Annotations

Branches:
Dungeon (15/15)            Temple (0/1) D:5            Lair (8/8) D:9
  Swamp (4/4) Lair:3        Snake (0/4) Lair:6        Slime (0/6) Lair:7
    Orc (4/4) D:11            Elf (0/3) Orc:4        Vaults (0/5) D:13
 Depths (0/5) D:15

Altars:
Cheibriados
Dithmenos
Gozag
Makhleb
Qazlal
Ru
Sif Muna
Trog
Vehumet
Xom
Yredelemnul
Zin
Beogh

Shops:
D:12 }   Orc:2 [   Orc:4 !}!!


Innate Abilities, Weirdness & Mutations

You have hooves in place of feet.
Armour fits poorly on your strangely shaped body.
You cover ground very quickly.
You have extremely tough skin (AC +3).
You have sharp fingernails.
Your mind is very acute. (Int +4)
You are resistant to hostile enchantments.
Your system is resistant to poisons.
You occasionally shout uncontrollably at your foes.
You expend magic power (3 MP) to strengthen your wands.


Message History

The spriggan druid mumbles some strange words.
The spriggan druid is healed somewhat.
You take 24 damage, and have 121/147 hp.
You now have 27/39 mp.
You hack one of the seven-headed hydra's heads off!
The six-headed hydra grows two more!
You slice the eight-headed hydra!!
Your kick misses the eight-headed hydra.
You slash the spriggan druid!
You are hit by a branch!
The shambling mangrove reaches out with a gnarled limb.
Grasping roots rise from the ground around the shambling mangrove!
The eight-headed hydra bites you but does no damage.
The eight-headed hydra bites you!
The eight-headed hydra bites you but does no damage. x4
The eight-headed hydra closely misses you.
The eight-headed hydra bites you but does no damage.
The spriggan druid barely misses you.
You take 14 damage, and have 107/147 hp.
You now have 24/39 mp.
You slice one of the eight-headed hydra's heads off!
The seven-headed hydra grows two more!
You slice the nine-headed hydra!!
You feel better.
You kick the nine-headed hydra, but do no damage.
You miss the spriggan druid.
The nine-headed hydra bites you but does no damage. x3
The nine-headed hydra bites you!
The nine-headed hydra bites you but does no damage. x3
The nine-headed hydra completely misses you.
The nine-headed hydra bites you.
You regained 8 hp, and now have 115/147 hp.
You now have 22/39 mp.
You chop one of the nine-headed hydra's heads off!
The eight-headed hydra grows two more!
You slice the ten-headed hydra!!
You kick the ten-headed hydra, but do no damage.
You slash the spriggan druid!
You feel better.
A root reaches out and grasps at passing movement.
Roots grasp at your hooves, making movement difficult.
A tree reaches out and hits you!
The spriggan druid hits you but does no damage.
You regained 12 hp, and now have 127/147 hp.
You now have 21/39 mp.
You slice one of the ten-headed hydra's heads off!
The nine-headed hydra grows two more!
You slash the 11-headed hydra!
You feel better.
You kick the 11-headed hydra. You miss the spriggan druid.
You feel roots moving beneath the ground.
You are hit by a branch!
The forest calms down.
The 11-headed hydra bites you. The 11-headed hydra bites you.
The 11-headed hydra bites you but does no damage.
The 11-headed hydra closely misses you. The 11-headed hydra bites you!
The 11-headed hydra bites you.
The 11-headed hydra bites you but does no damage. x5
You take 13 damage, and have 114/147 hp.
You now have 17/39 mp.
You lop one of the 11-headed hydra's heads off!
The ten-headed hydra grows two more!
You slash the 12-headed hydra! You kick the 12-headed hydra.
You hit the spriggan druid.
With its final breath, the spriggan druid offers up its power to the beasts of the wild!
The 12-headed hydra is healed.
The alligator seems to grow more fierce.
The 12-headed hydra seems to grow more fierce.
You kill the spriggan druid!
Trog accepts your kill.
Trog appreciates your killing of a magic user.
You hear a splash. x2
The 12-headed hydra bites you. x2
The 12-headed hydra bites you but does no damage. x2
The 12-headed hydra bites you. The 12-headed hydra barely misses you.
The 12-headed hydra barely misses you.
The 12-headed hydra bites you but does no damage. x2
The 12-headed hydra bites you. The 12-headed hydra bites you!
The 12-headed hydra bites you!
An alligator comes into view.
You take 32 damage, and have 82/147 hp.
MASSIVE DAMAGE!!
You now have 12/39 mp.
You barely miss the 12-headed hydra.
You kick the 12-headed hydra, but do no damage.
You barely miss the alligator. The alligator bites you!!
The alligator tail-slaps you.
The alligator puts on a burst of speed!
You take 25 damage, and have 57/147 hp.
You now have 8/39 mp.
You lop one of the 12-headed hydra's heads off!
The 11-headed hydra grows two more!
You slash the 13-headed hydra! You kick the 13-headed hydra.
You barely miss the alligator. The 13-headed hydra bites you.
The 13-headed hydra bites you! The 13-headed hydra bites you!
* * * LOW HITPOINT WARNING * * *
The 13-headed hydra closely misses you.
The 13-headed hydra bites you but does no damage.
The 13-headed hydra bites you!
* * * LOW HITPOINT WARNING * * *
The 13-headed hydra bites you.
* * * LOW HITPOINT WARNING * * *
The 13-headed hydra bites you but does no damage. x4
The 13-headed hydra bites you!
* * * LOW HITPOINT WARNING * * *
The 13-headed hydra bites you.
* * * LOW HITPOINT WARNING * * *
The alligator bites you!!
You die...

..≈≈≈. ....≈.
..♣.♣. ♣≈.≈.≈≈
♣♣♣!.≈≈≈ ≈f≈≈.
♣♣Dt♣ ♣♣≈@♣
♣♣≈.## ♣.≈♣#
♣≈♣# ≈≈≈≈≈≈ ♣t#
≈≈≈≈≈. ♣.♣#
..≈≈≈... ♣.≈##
...≈≈. ♣♣♣.≈##
..≈≈ ♣.
♣♣...§§####.###
♣♣≈.


You could see a shambling mangrove, 2 alligators and a 13-headed hydra
(frenzied).

Vanquished Creatures
  Frances (D:12)
  Kirke (Swamp:1)
  A shadow dragon (D:15)
  3 fire giants
  Maud (Lair:5)
  A stone giant (D:14)
  A salamander stormcaller (D:12)
  3 dire elephants (Lair:8)
  A vault guard (D:13)
  A minotaur (Lab)
  18 hydras
  3 centaur warriors
  An ogre mage (D:15)
  A ghost crab (Swamp:1)
  Erica (D:9)
  3 alligators (Swamp:2)
  An anaconda (Lair:8)
  2 tengu warriors
  A shock serpent (shapeshifter) (D:14)
  6 death yaks
  6 orc high priests (Orc:4)
  A deep troll (D:14)
  6 swamp dragons (Swamp:4)
  2 spriggan druids (Swamp:4)
  4 unseen horrors
  3 shambling mangroves
  An ice statue (D:11)
  A harpy (D:13)
  7 orc knights
  7 hill giants
  6 orc sorcerers (Orc:4)
  3 ugly things (D:14)
  3 cyclopes
  A shining eye (shapeshifter) (D:15)
  2 manticores
  29 elephants
  6 centaur zombies
  2 griffons
  2 black mambas (Lair:6)
  12 spiny frogs
  8 komodo dragons
  7 trolls
  A fire drake (Lair:6)
  4 kobold demonologists
  A tengu conjurer (D:13)
  A wind drake (shapeshifter) (D:10)
  A hornet zombie (D:13)
  10 slime creatures
  6 giant leeches
  A polar bear (Lair:1)
  6 two-headed ogres
  2 freezing wraiths (D:15)
  A harpy skeleton (D:15)
  A boulder beetle (Lair:8)
  7 bog bodies
  A centaur simulacrum (D:14)
  3 shadows
  A trapdoor spider (shapeshifter) (D:14)
  2 wraiths
  23 blink frogs
  47 yaks
  3 spriggans
  3 wyverns
  A hog (Swamp:1)
  10 vampire mosquitoes
  4 hungry ghosts
  10 hippogriffs
  2 deep elf magi (D:11)
  A fire elemental (Lair:4)
  5 basilisks
  14 wargs
  5 mottled dragons
  17 swamp worms
  14 wolves
  4 ice beasts
  9 porcupines
  58 orc warriors
  15 water moccasins
  2 soldier ants (D:14)
  A black bear (D:6)
  13 wasps
  7 swamp drakes
  12 centaurs
  2 necrophages
  A phantom (D:7)
  3 sky beasts
  2 eyes of draining
  21 ogres
  13 crocodiles
  4 big kobolds
  20 giant frogs
  3 scorpions
  A gnoll sergeant (D:7)
  14 killer bees
  A quasit (D:10)
  3 electric eels (Lair:3)
  2 giant frog zombies
  14 wights
  8 crimson imps
  9 hounds
  5 jellies
  32 orc priests
  A gnoll shaman (D:6)
  2 giant frog skeletons
  30 orc wizards
  4 centaur skeletons
  Terence (D:2)
  A siren (Sewer)
  20 sheep
  4 worker ants
  6 iguanas
  A merfolk avatar (Sewer)
  2 hound zombies
  2 worker ant zombies
  29 gnolls
  2 hound skeletons (D:6)
  48 river rats
  12 adders
  2 shadow imps
  3 oozes (Lair:7)
  3 adder skeletons
  3 worms (D:3)
  5 giant geckos
  291 orcs
  9 bats
  7 giant cockroaches
  18 hobgoblins
  A jackal (D:6)
  11 kobolds
  3 quokkas
  3 ball pythons (Sewer)
  2 giant gecko skeletons
  9 giant newts
  20 goblins
  27 rats
  2 fire vortices (D:12)
  15 fungi
  21 plants
1277 creatures vanquished.

Vanquished Creatures (collateral kills)
  Saint Roka (Orc:4)
  Rupert (Lair:5)
  An orc warlord (Bailey)
  A dire elephant (Lair:8)
  4 hydras (Swamp:4)
  A death yak (Lair:6)
  A swamp dragon (Swamp:4)
  2 spiny frogs (Swamp:4)
  A troll (D:9)
  2 bog bodies (Swamp:4)
  A blink frog (Lair:6)
  A wyvern (D:11)
  A wolf (Lair:5)
  A hungry ghost (D:9)
  A swamp drake (Swamp:4)
  A wasp (Swamp:4)
  2 orcs (Bailey)
  A goblin (Bailey)
24 creatures vanquished.

Vanquished Creatures (others)
  A hog (Swamp:1)
  3 humans (Swamp:1)
  2 orc wizards
  An orc (Orc:3)
  A fire vortex (D:12)
  9 fungi
  2 plants
19 creatures vanquished.

Grand Total: 1320 creatures vanquished

Notes
Turn   | Place    | Note
--------------------------------------------------------------
     0 | D:1      | kroki the Centaur Berserker began the quest for the Orb.
     0 | D:1      | Reached XP level 1. HP: 19/19 MP: 1/1
   178 | D:1      | Reached skill level 3 in Axes
   451 | D:1      | Reached XP level 2. HP: 24/26 MP: 2/2
   690 | D:2      | Found a glowing silver altar of Zin.
   725 | D:2      | Found a shadowy altar of Dithmenos.
   779 | D:2      | Found a snail-covered altar of Cheibriados.
  1079 | D:2      | Found an opulent altar of Gozag.
  1407 | D:2      | Found a shimmering altar of Xom.
  1408 | D:2      | Found a shimmering altar of Xom.
  1408 | D:2      | Found a shimmering altar of Xom.
  1408 | D:2      | Found a shimmering altar of Xom.
  1408 | D:2      | Found a shimmering altar of Xom.
  1408 | D:2      | Found a shimmering altar of Xom.
  1418 | D:2      | Found a shimmering altar of Xom.
  1572 | D:2      | Noticed Terence
  1576 | D:2      | Killed Terence
  1576 | D:2      | Reached skill level 4 in Axes
  1576 | D:2      | Reached XP level 3. HP: 31/31 MP: 3/3
  1851 | D:2      | Found a radiant altar of Vehumet.
  2004 | D:3      | Acquired Trog's second power
  2004 | D:3      | Reached XP level 4. HP: 26/38 MP: 4/4
  2045 | D:3      | Found a glowing drain.
  2085 | Sewer    | Entered a sewer
  2156 | Sewer    | HP: 9/57 [river rat (7)]
  2530 | Sewer    | Reached skill level 5 in Axes
  2768 | Sewer    | Reached XP level 5. HP: 36/45 MP: 5/5
  3090 | Sewer    | Noticed a drowned soul
  4088 | D:3      | Reached skill level 6 in Axes
  4239 | D:4      | Got a colourful robe
  4301 | D:4      | Reached XP level 6. HP: 48/51 MP: 6/6
  5192 | D:5      | Entered Level 5 of the Dungeon
  5335 | D:5      | Found a sacrificial altar of Ru.
  5374 | D:5      | Found a staircase to the Ecumenical Temple.
  5431 | D:5      | Reached skill level 7 in Axes
  5511 | D:5      | Reached XP level 7. HP: 55/57 MP: 7/7
  6005 | D:6      | Found a bloodstained altar of Trog.
  6032 | D:6      | Found a stormy altar of Qazlal.
  6159 | D:6      | Reached skill level 8 in Axes
  6319 | D:6      | Reached skill level 4 in Fighting
  6324 | D:6      | Reached XP level 8. HP: 50/66 MP: 8/8
  6340 | D:6      | Reached skill level 9 in Axes
  6697 | D:6      | Reached skill level 5 in Fighting
  6765 | D:6      | Got a faintly humming scale mail
  6776 | D:6      | Identified the +0 scale mail "Ugablad" {Regen+ Dex+3} (You found it on level 6 of the Dungeon)
  6886 | D:6      | Acquired Trog's third power
  7254 | D:7      | Reached skill level 10 in Axes
  7284 | D:7      | Reached XP level 9. HP: 68/75 MP: 9/9
  7410 | D:7      | Reached skill level 6 in Fighting
  8373 | D:8      | Reached skill level 11 in Axes
  8998 | D:8      | Reached skill level 7 in Fighting
  9391 | D:9      | Noticed Erica
  9400 | D:9      | Killed Erica
  9402 | D:9      | Reached XP level 10. HP: 47/86 MP: 10/10
  9415 | D:9      | Found a flagged portal.
  9455 | Bailey   | Entered a bailey
  9816 | Bailey   | Reached skill level 12 in Axes
  9888 | Bailey   | Reached skill level 8 in Fighting
  9947 | Bailey   | Noticed an orc knight
  9963 | Bailey   | Killed an orc knight
  9963 | Bailey   | Reached skill level 2 in Evocations
  9976 | Bailey   | Identified a scroll of acquirement
  9977 | Bailey   | Got an encrusted executioner's axe
  9978 | Bailey   | Identified the +10 executioner's axe of Beyond {chop, MP+9} (You acquired it in a bailey)
 10011 | Bailey   | Noticed an orc knight
 10021 | Bailey   | Killed an orc knight
 10021 | Bailey   | Reached skill level 2 in Armour
 10027 | Bailey   | HP: 31/132 [orc warrior/hand axe (10)]
 10028 | Bailey   | HP: 5/88 [orc warrior/broad axe (12)]
 10068 | Bailey   | Noticed an orc warlord
 10087 | Bailey   | Killed an orc warlord
 10353 | D:9      | Found a staircase to the Lair.
 10360 | D:9      | Reached skill level 3 in Armour
 10406 | D:9      | Found a burning altar of Makhleb.
 10528 | D:9      | Found a snail-covered altar of Cheibriados.
 10730 | D:9      | Found a deep blue altar of Sif Muna.
 10879 | D:9      | Reached XP level 11. HP: 53/95 MP: 12/12
 10880 | D:9      | Reached skill level 13 in Axes
 11079 | D:9      | Noticed a three-headed hydra
 11086 | D:9      | Killed a seven-headed hydra
 11413 | D:10     | Entered Level 10 of the Dungeon
 11742 | D:10     | Noticed a hill giant
 11750 | D:10     | Killed a hill giant
 11835 | D:10     | Received a gift from Trog
 12196 | D:10     | Reached skill level 14 in Axes
 12487 | D:11     | Noticed a seven-headed hydra
 12492 | D:11     | Found a staircase to the Orcish Mines.
 12503 | D:11     | Killed a seven-headed hydra
 12599 | D:11     | Found a labyrinth entrance.
 12647 | Lab      | Entered a labyrinth
 13028 | Lab      | Noticed a minotaur
 13032 | Lab      | Killed a minotaur
 13052 | Lab      | Got a pair of scorched gloves
 13059 | Lab      | Identified the +4 pair of gloves of Dawn {rElec Str+3 Int+4} (You found it in a labyrinth)
 13197 | D:11     | Noticed a hill giant
 13204 | D:11     | Killed a hill giant
 13272 | D:11     | Reached skill level 15 in Axes
 13474 | D:11     | Noticed an unseen horror
 13485 | D:11     | Killed an unseen horror
 13514 | D:11     | Noticed an ice statue
 13549 | D:11     | Killed an ice statue
 13567 | D:11     | Got a spiked large shield
 13634 | D:11     | Reached XP level 12. HP: 78/103 MP: 13/13
 13641 | D:11     | Noticed an unseen horror
 13646 | D:11     | Killed an unseen horror
 13733 | D:11     | Identified the +5 large shield of Zin's Delight {Str+3} (You found it on level 11 of the Dungeon)
 13920 | D:11     | Noticed a hill giant
 13932 | D:11     | Killed a hill giant
 14325 | Lair:1   | Entered Level 1 of the Lair of Beasts
 14434 | Lair:1   | Noticed a six-headed hydra
 14442 | Lair:1   | Killed a nine-headed hydra
 14442 | Lair:1   | Reached skill level 16 in Axes
 15727 | Lair:2   | Identified Ozocubu's Disquisition on the Snowflakes
 16351 | Lair:3   | Received a gift from Trog
 16530 | Lair:3   | Reached skill level 17 in Axes
 16960 | Lair:3   | Found a staircase to the Swamp.
 17884 | Lair:4   | Noticed a seven-headed hydra
 17895 | Lair:4   | Killed an 11-headed hydra
 17895 | Lair:4   | Reached XP level 13. HP: 108/108 MP: 14/14
 18159 | Lair:4   | Gained mutation: Your system is resistant to poisons. [potion of mutation]
 18159 | Lair:4   | Gained mutation: Your mind is acute. (Int +2) [potion of mutation]
 18159 | Lair:4   | Gained mutation: You occasionally shout uncontrollably at your foes. [potion of mutation]
 18160 | Lair:4   | Gained mutation: You have sharp fingernails. [potion of mutation]
 18160 | Lair:4   | Gained mutation: You expend magic power (3 MP) to strengthen your wands. [potion of mutation]
 18160 | Lair:4   | Gained mutation: You are resistant to hostile enchantments. [potion of mutation]
 18161 | Lair:4   | Gained mutation: Your mind is very acute. (Int +4) [potion of beneficial mutation]
 18825 | Lair:5   | Reached skill level 18 in Axes
 18825 | Lair:5   | Received a gift from Trog
 18886 | Lair:5   | Noticed Maud
 18895 | Lair:5   | Killed Maud
 19162 | Lair:5   | Noticed Rupert
 19170 | Lair:5   | Killed Rupert
 19836 | Lair:6   | Found a staircase to the Snake Pit.
 19883 | Lair:6   | Reached skill level 19 in Axes
 19909 | Lair:6   | Received a gift from Trog
 20137 | Lair:6   | Found a basalt altar of Yredelemnul.
 20503 | Lair:7   | Reached XP level 14. HP: 110/116 MP: 15/15
 20761 | Lair:7   | Found a staircase to the Slime Pits.
 21228 | Lair:7   | Reached skill level 3 in Evocations
 21318 | Lair:7   | Received a gift from Trog
 21338 | Lair:7   | Reached skill level 9 in Fighting
 21610 | Lair:8   | Entered Level 8 of the Lair of Beasts
 21760 | Lair:8   | Reached skill level 4 in Armour
 22972 | Lair:8   | Received a gift from Trog
 23130 | Lair:8   | Reached skill level 10 in Fighting
 23528 | Lair:1   | Reached skill level 4 in Evocations
 23651 | Orc:1    | Entered Level 1 of the Orcish Mines
 24140 | Orc:1    | Reached skill level 5 in Armour
 24342 | Orc:2    | Received a gift from Trog
 24392 | Orc:2    | Found Tuqadd's Antique Armour Emporium.
 24544 | Orc:2    | Found a roughly hewn altar of Beogh.
 24740 | Orc:3    | Reached skill level 20 in Axes
 25140 | Orc:2    | Received a gift from Trog
 25223 | Orc:2    | Found a roughly hewn altar of Beogh.
 25296 | Orc:4    | Entered Level 4 of the Orcish Mines
 25589 | Orc:4    | Received a gift from Trog
 25756 | Orc:4    | Reached XP level 15. HP: 86/128 MP: 12/18
 25865 | Orc:4    | Found a roughly hewn altar of Beogh.
 25866 | Orc:4    | Found Pamnoidd's Distillery.
 25871 | Orc:4    | Bought a potion of might for 56 gold pieces
 25871 | Orc:4    | Bought a potion of agility for 56 gold pieces
 25871 | Orc:4    | Bought a potion of agility for 56 gold pieces
 25871 | Orc:4    | Bought a potion of curing for 42 gold pieces
 26012 | Orc:4    | Found Vaduigey's Gadget Shoppe.
 26017 | Orc:4    | Bought a wand of disintegration (10) for 210 gold pieces
 26271 | Orc:4    | Received a gift from Trog
 26488 | Orc:4    | Found a staircase to the Elven Halls.
 26892 | Orc:4    | Noticed Saint Roka
 26928 | Orc:4    | Reached skill level 6 in Armour
 26979 | Orc:4    | Killed Saint Roka
 26979 | Orc:4    | Reached skill level 11 in Fighting
 27067 | Orc:4    | Reached skill level 5 in Evocations
 27103 | Orc:4    | Found a roughly hewn altar of Beogh.
 27127 | Orc:4    | Received a gift from Trog
 27128 | Orc:4    | Found Xaarrera's Distillery.
 27172 | Orc:4    | Bought a potion of invisibility for 120 gold pieces
 27172 | Orc:4    | Bought 2 potions of curing for 90 gold pieces
 27172 | Orc:4    | Bought 2 potions of cancellation for 240 gold pieces
 27215 | Orc:4    | Found Fownuwn's Distillery.
 27259 | Orc:4    | Bought a potion of agility for 72 gold pieces
 27259 | Orc:4    | Bought a potion of might for 72 gold pieces
 27259 | Orc:4    | Bought a potion of agility for 72 gold pieces
 27259 | Orc:4    | Bought a potion of resistance for 180 gold pieces
 27259 | Orc:4    | Bought 2 potions of curing for 108 gold pieces
 27259 | Orc:4    | Bought a potion of curing for 54 gold pieces
 27259 | Orc:4    | Bought a potion of curing for 54 gold pieces
 27259 | Orc:4    | Bought a potion of curing for 54 gold pieces
 27259 | Orc:4    | Bought a potion of curing for 54 gold pieces
 28016 | D:12     | Noticed Frances
 28034 | D:12     | Killed Frances
 28141 | D:12     | Found Evitinod's Gadget Emporium.
 28149 | D:12     | Bought a fan of gales for 440 gold pieces
 29277 | D:13     | Found an opulent altar of Gozag.
 29293 | D:13     | Reached skill level 7 in Armour
 29540 | D:13     | Reached skill level 12 in Fighting
 29605 | D:13     | Received a gift from Trog
 29763 | D:13     | Found a portal to a secret trove of treasure.
 29789 | D:13     | You paid a toll of a wand of heal wounds (9) to enter a treasure trove
 29790 | Trove    | Entered a treasure trove
 29796 | Trove    | Got an ancient silver ring
 29834 | Trove    | Got a warped garnet amulet
 29835 | Trove    | Identified the amulet "Paocsam" {Ward rN+ MR+} (You found it in a treasure trove)
 29866 | Trove    | Identified the ring of Wextoara {rC+ SInv} (You found it in a treasure trove)
 30035 | D:13     | Found a gate to the Vaults.
 30408 | D:14     | Reached skill level 6 in Evocations
 30410 | D:14     | Received a gift from Trog
 31648 | D:15     | Entered Level 15 of the Dungeon
 31648 | D:15     | Found a staircase to the Depths.
 31666 | D:15     | Reached skill level 8 in Armour
 31666 | D:15     | Reached XP level 16. HP: 106/141 MP: 18/20
 32331 | D:15     | Found a runed door.
 32335 | D:15     | Noticed a shadow dragon
 32352 | D:15     | Killed a shadow dragon
 32357 | D:15     | Reached skill level 13 in Fighting
 32374 | D:15     | Received a gift from Trog
 32771 | D:15     | Reached skill level 7 in Evocations
 33454 | Swamp:1  | Entered Level 1 of the Swamp
 33486 | Swamp:1  | Noticed Kirke
 33501 | Swamp:1  | Killed Kirke
 34648 | Swamp:2  | Received a gift from Trog
 34648 | Swamp:2  | Reached skill level 9 in Armour
 34822 | Swamp:2  | Got a slimy lapis lazuli ring
 36216 | Swamp:4  | Entered Level 4 of the Swamp
 36254 | Swamp:4  | Reached skill level 14 in Fighting
 36267 | Swamp:4  | Reached skill level 2 in Dodging
 36284 | Swamp:4  | HP: 34/146 [11-headed hydra (11)]
 36369 | Swamp:4  | Received a gift from Trog
 36385 | Swamp:4  | Identified the ring "Haoniyck" {Ice MP+9 Str+4} (You found it on level 2 of the Swamp)
 36724 | Swamp:4  | HP: 25/147 [13-headed hydra[a spriggan druid] (12)]
 36724 | Swamp:4  | HP: 9/147 [13-headed hydra[a spriggan druid] (12)]
 36724 | Swamp:4  | Demolished by an alligator

Vault maps used:
D:1:      minmay_arrival_five_plusses
D:2:      xom_redecorated, nicolae_overflow_quartered_altars,
          nicolae_overflow_crystal_walls, minmay_door_square, uniq_terence
D:3:      gup_sewer_entry_spiral, first_bread
D:5:      minmay_temple_entry_trees, nicolae_ru_sacrificial_ziggurat
D:6:      forest_paths, kennysheep_little_box, lemuel_crystal_altar
D:9:      lemuel_round_altar, lemuel_blue_sif_altar,
          due_lair_maze_entry_diamond, enter_bailey_7, basic_altar,
          hangedman_ranch, uniq_erica
D:11:     lemuel_ice_statue, orc_0_dummy, lab_entry_generic
D:12:     serial_shops, shop, serial_glass, glass_columns_b, glass_columns_b,
          glass_columns_b, glass_columns_a, uniq_frances
D:13:     david_vaults_5, nicolae_trove_entry_crystal, grunt_gozag_statues
D:14:     grunt_decor_mini_mirrors, minmay_evil_grid
D:15:     grunt_enter_depths_giant_problem, dk_noncrumbling_3,
          kennysheep_treasure_room
Lair:1:   grunt_forest_large_clearings
Lair:2:   grunt_megastairs_1
Lair:3:   nicolae_swamp_entry_splash_gauntlet, st_stairs_8, serial_bayou_shore_a
Lair:5:   grunt_forest_small_clearings, st_stairs_12, minivault_11,
          wad_woods_road_05, uniq_rupert, uniq_maud
Lair:6:   dummy_snake_entry, lemuel_centaur_altar
Lair:7:   boulder_quad_collide, nicolae_slime_entry_slimehenge,
          minmay_hedge_maze
Lair:8:   due_jungle_book
Swamp:1:  evilmike_swamp_ruin_house_3, uniq_kirke
Swamp:2:  nicolae_swamp_trees_clearing, swamp_pool1, lightli_tree_ring
Swamp:3:  nicolae_swamp_little_tower
Swamp:4:  swamp_alternative, swamp_pool1
Orc:1:    nooodl_orcs_dogs
Orc:2:    basic_altar, serial_shops, shop, minmay_orc_temple_a
Orc:3:    nicolae_orc_pool_cavern
Orc:4:    pubby_orc_utopia, serial_shops
Lab:      nicolae_lab_lava, nicolae_lab_dead_end, nicolae_lab_swirl,
          labyrinth_glass_1, nicolae_lab_diamond, labyrinth_skeletal_remains,
          nicolae_lab_x
Trove:    trove_jewellery_lava
Sewer:    sewer_sea
Bailey:   bailey_axe_minmay_hex_keep, bailey

Action                   |  1- 3 |  4- 6 |  7- 9 | 10-12 | 13-15 | 16-18 || total
-------------------------+-------+-------+-------+-------+-------+-------++-------
Melee: Hand axe          |    91 |   209 |       |       |       |       ||   300
       War axe           |       |     7 |   233 |   119 |       |       ||   359
       Executioner's axe |       |       |       |   428 |   375 |       ||   803
       Battleaxe         |       |       |       |       |  1075 |   496 ||  1571
Throw: Throwing net      |       |     1 |       |       |       |       ||     1
Invok: Berserk           |     2 |     7 |     4 |    13 |    12 |     3 ||    41
       Trog's Hand       |       |     1 |     1 |     1 |     4 |     2 ||     9
       Brothers in Arms  |       |       |     1 |     4 |     4 |     4 ||    13
       Burn Spellbooks   |       |       |       |     1 |     3 |     2 ||     6
 Abil: Evoke Flight      |       |       |       |     2 |     1 |       ||     3
Evoke: Wand              |       |       |       |    16 |     6 |       ||    22
       Stone of tremors  |       |       |       |       |     2 |       ||     2
       Fan of gales      |       |       |       |       |       |     1 ||     1
  Use: Scroll            |     4 |     6 |     6 |    16 |    20 |     5 ||    57
       Potion            |       |     1 |     3 |       |     3 |     2 ||     9
 Stab: Confused          |       |       |       |     1 |       |       ||     1
       Distracted        |       |       |       |       |     1 |       ||     1
  Eat: Chunk             |     3 |    13 |    11 |    34 |    43 |    10 ||   114
       Fruit             |     1 |       |       |     6 |     6 |     4 ||    17
       Bread ration      |       |     1 |       |       |     1 |       ||     2
       Pizza             |       |       |     1 |       |     1 |       ||     2
       Beef jerky        |       |       |       |       |     3 |     2 ||     5
       Royal jelly       |       |       |       |       |     1 |     1 ||     2

Vault maps used:
D:1:      minmay_arrival_five_plusses
D:2:      xom_redecorated, nicolae_overflow_quartered_altars,
          nicolae_overflow_crystal_walls, minmay_door_square, uniq_terence
D:3:      gup_sewer_entry_spiral, first_bread
D:5:      minmay_temple_entry_trees, nicolae_ru_sacrificial_ziggurat
D:6:      forest_paths, kennysheep_little_box, lemuel_crystal_altar
D:9:      lemuel_round_altar, lemuel_blue_sif_altar,
          due_lair_maze_entry_diamond, enter_bailey_7, basic_altar,
          hangedman_ranch, uniq_erica
D:11:     lemuel_ice_statue, orc_0_dummy, lab_entry_generic
D:12:     serial_shops, shop, serial_glass, glass_columns_b, glass_columns_b,
          glass_columns_b, glass_columns_a, uniq_frances
D:13:     david_vaults_5, nicolae_trove_entry_crystal, grunt_gozag_statues
D:14:     grunt_decor_mini_mirrors, minmay_evil_grid
D:15:     grunt_enter_depths_giant_problem, dk_noncrumbling_3,
          kennysheep_treasure_room
Lair:1:   grunt_forest_large_clearings
Lair:2:   grunt_megastairs_1
Lair:3:   nicolae_swamp_entry_splash_gauntlet, st_stairs_8, serial_bayou_shore_a
Lair:5:   grunt_forest_small_clearings, st_stairs_12, minivault_11,
          wad_woods_road_05, uniq_rupert, uniq_maud
Lair:6:   dummy_snake_entry, lemuel_centaur_altar
Lair:7:   boulder_quad_collide, nicolae_slime_entry_slimehenge,
          minmay_hedge_maze
Lair:8:   due_jungle_book
Swamp:1:  evilmike_swamp_ruin_house_3, uniq_kirke
Swamp:2:  nicolae_swamp_trees_clearing, swamp_pool1, lightli_tree_ring
Swamp:3:  nicolae_swamp_little_tower
Swamp:4:  swamp_alternative, swamp_pool1
Orc:1:    nooodl_orcs_dogs
Orc:2:    basic_altar, serial_shops, shop, minmay_orc_temple_a
Orc:3:    nicolae_orc_pool_cavern
Orc:4:    pubby_orc_utopia, serial_shops
Lab:      nicolae_lab_lava, nicolae_lab_dead_end, nicolae_lab_swirl,
          labyrinth_glass_1, nicolae_lab_diamond, labyrinth_skeletal_remains,
          nicolae_lab_x
Trove:    trove_jewellery_lava
Sewer:    sewer_sea
Bailey:   bailey_axe_minmay_hex_keep, bailey

Table legend:
 A = Turns spent in this place as a percentage of turns spent in the entire game.
 B = Non-inter-level travel turns spent in this place as a percentage of non-inter-level travel turns spent in the entire game.
 C = Inter-level travel turns spent in this place as a percentage of turns spent in this place.
 D = Turns resting spent in this place as a percentage of non-inter-level travel turns spent in this place.
 E = Turns spent auto-exploring this place as a percentage of non-inter-level travel turns spent in this place.
 F = Non-inter-level travel turns spent in this place divided by the number of levels of this place that you've seen.
                   A       B       C       D       E      F
               +-------+-------+-------+-------+-------+----------------------
         Total | 100.0 | 100.0 |   0.6 |   2.2 |   7.3 | 425.5
       Dungeon |  41.6 |  41.6 |   0.6 |   2.6 |   7.8 | 413.0
          Lair |  22.6 |  22.6 |   0.9 |   2.0 |   7.5 | 420.5
         Swamp |   8.2 |   8.3 |   0.2 |   2.2 |   7.2 | 307.5
  Orcish Mines |  16.7 |  16.7 |   0.7 |   0.4 |   8.3 | 620.8
     Labyrinth |   1.7 |   1.7 |   0.0 |   3.2 |   0.0 | 253.0
         Trove |   0.5 |   0.5 |   0.0 |   0.0 |   0.0 |  74.0
         Sewer |   3.7 |   3.8 |   0.0 |   6.3 |   4.7 | 559.0
        Bailey |   4.9 |   4.9 |   0.0 |   1.9 |   4.8 | 736.0
               +-------+-------+-------+-------+-------+----------------------

Table legend:
 A = Kills in this place as a percentage of kills in entire the game.
 B = Kills by you in this place as a percentage of kills by you in the entire game.
 C = Kills by friends in this place as a percentage of kills by friends in the entire game.
 D = Other kills in this place as a percentage of other kills in the entire game.
 E = Experience gained in this place as a percentage of experience gained in the entire game.
 F = Experience gained in this place divided by the number of levels of this place that you have seen.
                   A       B       C       D       E      F
               +-------+-------+-------+-------+-------+----------------------
         Total | 100.0 | 100.0 | 100.0 | 100.0 | 100.0 | 5971.4
       Dungeon |  31.1 |  31.5 |  12.5 |   0.0 |  32.2 | 4482.4
          Lair |  22.3 |  22.4 |  20.8 |   0.0 |  33.2 | 8670.1
         Swamp |   7.9 |   7.2 |  45.8 |   0.0 |  18.4 | 9614.0
  Orcish Mines |  30.1 |  30.5 |   4.2 | 100.0 |  13.3 | 6964.2
     Labyrinth |   0.4 |   0.4 |   0.0 |   0.0 |   0.9 | 1854.0
         Sewer |   2.8 |   2.8 |   0.0 |   0.0 |   0.1 | 177.0
        Bailey |   5.5 |   5.2 |  16.7 |   0.0 |   1.9 | 4059.0
               +-------+-------+-------+-------+-------+----------------------
